Map: Fields of Death

Players

Edje

  • Race: Terran Terran
  • Spawn Location: 6:00

Jesuit

  • Race: Protoss Protoss
  • Spawn Location: 7:00

MattBarry - Winner!

  • Race: Terran Terran
  • League: Gold
  • Spawn Location: 12:00

MattBarry - Winner!

  • Race: Zerg Zerg
  • League: Silver
  • Spawn Location: 12:00

VOD

Have the link to the VOD?

Description

Time

  • Played on: Jan. 19, 2023, 11:37 p.m.
  • Length: 24:50
Show
View Real Time Build Order
Export as new Build Order

Edje Terran 

Build Orders:  

Get SALT Encoding   

  12  0:00  SCV  
  13  0:17  SCV  
  13  0:18  Supply Depot  
  14  0:29  SCV  
  15  0:41  Barracks, SCV  
  16  0:47  Refinery  
  16  0:53  SCV  
  17  1:06  SCV  
  18  1:18  Barracks  
  18  1:20  Barracks  
  18  1:24  SCV  
  19  1:31  Barracks Reactor  
  19  1:37  SCV  
  20  1:44  Supply Depot  
  20  1:52  Orbital Command  
  20  2:05  Marine  
  20  2:06  Marine  
  22  2:12  Refinery  
  22  2:16  Supply Depot, Marine  
  22  2:19  Marine  
  24  2:28  Barracks Tech Lab x2  
  24  2:37  Marine x2  
  24  2:42  SCV  
  27  2:50  Supply Depot  
  27  2:53  Marauder  
  27  2:54  SCV  
  27  2:56  Marauder  
  32  3:03  Marine x2  
  34  3:05  Stimpack  
  34  3:10  Concussive Shells  
  34  3:24  Marine, Marauder x2  
  34  3:25  Marine  
  40  3:29  SCV  
  41  3:35  Supply Depot  
  41  3:42  Marine  
  41  3:43  Marine  
  41  3:46  Marine  
  44  3:49  Marauder  
  44  3:54  Combat Shield  
  46  4:00  Supply Depot  
  46  4:02  SCV  
  47  4:07  Marine x2  
  49  4:11  Marine  
  49  4:15  Marauder  
  52  4:20  SCV  
  53  4:33  Marine, Marauder  
  53  4:34  Marine  
  53  4:36  Marauder  
  59  4:55  Marine x2, Marauder  
  63  5:16  Marauder  
  51  5:40  Marine x2  
  51  5:41  Marauder x2  
  47  5:58  Marine x2  
  47  6:02  Marauder x2  
  53  6:16  Marine x2  
  53  6:17  Command Center  
  55  6:23  Marauder x2  
  59  6:27  Supply Depot  
  59  6:34  Marine  
  49  7:07  Marine x2, Marauder x2  
  42  7:25  Marine x2  
  42  7:29  Marauder x2  
  48  7:36  Factory  
  48  7:43  Marine x2  
  45  7:50  Marauder x2  
  47  7:57  Orbital Command  
  47  7:59  SCV  
  48  8:09  Marine x2  
  48  8:11  SCV  
  51  8:24  SCV  
  52  8:28  SCV  
  53  8:34  Factory Tech Lab  
  53  8:36  Factory Reactor, Starport, SCV  
  53  8:38  Marine x2  
  53  8:39  Marauder  
  53  8:40  SCV  
  59  8:48  SCV  
  60  8:52  SCV  
  60  8:53  Marauder  
  63  8:56  Marine x2  
  63  9:00  Marauder  
  65  9:11  SCV  
  65  9:14  Marine x2, Marauder  
  65  9:16  Refinery  
  70  9:19  Refinery  
  70  9:20  SCV  
  70  9:22  Marauder  
  70  9:23  SCV  
  74  9:32  SCV  
  74  9:35  SCV  
  74  9:38  Factory  
  76  9:39  Marine x2  
  76  9:40  Marauder  
  76  9:43  Factory Tech Lab  
  76  9:44  SCV  
  80  9:45  Supply Depot  
  80  9:48  SCV  
  80  9:51  Medivac  
  82  9:54  Medivac  
  82  9:56  SCV  
  85  10:24  Command Center  
  85  10:26  Starport  
  85  10:35  Marine x2, Marauder x2  
  87  10:40  Factory Tech Lab  
  87  10:41  Siege Tank  
  90  10:48  SCV x2  
  92  10:53  Marine  
  93  11:00  SCV  
  94  11:14  Supply Depot  
  94  11:15  SCV x2, Siege Tank x2  
  94  11:16  Supply Depot  
  94  11:17  Starport Reactor  
  102  11:35  SCV  
  102  11:37  Engineering Bay  
  103  11:41  Armory  
  103  11:44  Supply Depot  
  103  11:46  SCV  
  104  11:48  SCV  
  104  11:53  Orbital Command  
  105  11:58  SCV  
  105  12:00  SCV  
  107  12:03  Engineering Bay  
  107  12:12  Siege Tank x2  
  113  12:26  Missile Turret  
  115  12:30  Marine x2, Marauder x2  
  115  12:36  Barracks x2  
  119  12:42  Viking x2  
  119  12:44  Medivac x2  
  127  12:46  Missile Turret  
  127  12:49  SCV x3  
  130  13:01  SCV x3  
  133  13:08  Missile Turret  
  133  13:10  Command Center  
  133  13:13  SCV, Refinery  
  133  13:15  Refinery  
  134  13:42  Barracks Tech Lab  
  134  13:43  Barracks Tech Lab  
  134  13:45  Barracks Tech Lab, Barracks Reactor  
  134  13:54  SCV x3  
  137  13:58  Barracks  
  137  13:59  Barracks  
  137  14:00  Terran Infantry Armor Level 1, Terran Infantry Weapons Level 1  
  137  14:01  Terran Vehicle And Ship Armor Level 1  
  137  14:06  SCV x3  
  137  14:07  Supply Depot  
  137  14:09  Supply Depot  
  126  14:33  Supply Depot  
  126  14:34  Supply Depot, Viking x2, Medivac x2  
  126  14:36  Siege Tank x2  
  126  14:38  Marine x5, Marauder x2  
  149  14:55  Supply Depot  
  149  15:02  Barracks Tech Lab, Barracks Reactor  
  149  15:08  Siege Tank x2  
  155  15:14  Viking  
  155  15:15  Viking x3  
  163  15:35  Barracks  
  163  15:36  Barracks  
  163  15:38  Planetary Fortress  
  163  15:47  Command Center  
  163  15:52  Marine x8  
  163  15:53  Marauder x2  
  175  15:58  Terran Infantry Armor Level 2, Terran Infantry Weapons Level 2  
  175  15:59  Terran Vehicle And Ship Armor Level 2  
  175  16:04  Supply Depot  
  175  16:05  Supply Depot  
  175  16:10  Marine x2  
  175  16:11  Marauder  
  179  16:19  Marine x3  
  179  16:20  Marauder x3  
  179  16:21  Siege Tank  
  179  16:22  Siege Tank  
  179  16:24  Viking  
  196  16:41  Viking x2  
  88  17:49  Marine x6, Marauder  
  88  17:50  Marauder x2  
  98  18:07  Marine  
  99  18:19  Marine x5, Marauder x3  
  110  18:20  Thor x2  
  110  18:25  Marine  
  123  18:37  Marine x2  
  123  18:41  Marauder  
  127  18:47  Barracks Reactor  
  127  19:06  Command Center  
  127  19:14  Viking x4  
  135  19:25  Marine x3, Marauder  
  135  19:26  Marine x3, Marauder x2  
  147  19:43  Marine x2  
  147  19:44  Viking x3  
  155  19:57  Siege Tank x2  
  155  19:59  Marine, Marauder  
  146  20:29  Siege Tank x2  
  123  20:45  Marine x3, Marauder x2  
  123  20:46  Marine  
  123  20:48  Marauder  
  108  21:06  Marauder  
  90  21:28  Siege Tank  
  90  21:29  Siege Tank  
  90  21:30  Marauder x3  
  84  22:00  Siege Tank  
  84  22:01  Siege Tank  
  84  22:03  Viking x3  
  83  22:19  Viking  
  83  22:21  Marauder  
  87  22:38  Orbital Command  
  87  22:49  Viking x4  
  74  23:51  Marine, Marauder  
  74  23:52  Marine, Marauder x2  
  82  24:09  Marine x2  
  83  24:13  Marine, Marauder x2  
  73  24:27  Marine  
Show
View Real Time Build Order
Export as new Build Order

Jesuit Protoss 

Build Orders:  

Get SALT Encoding   

  12  0:03  Probe  
  13  0:21  Pylon  
  13  0:22  Probe  
  14  0:34  Probe (Chrono Boost)  
  15  0:41  Gateway  
  15  0:46  Probe (Chrono Boost)  
  16  0:51  Assimilator  
  16  0:55  Assimilator  
  16  0:56  Probe (Chrono Boost)  
  17  1:06  Probe (Chrono Boost)  
  19  1:18  Probe (Chrono Boost)  
  19  1:23  Pylon  
  19  1:27  Probe (Chrono Boost)  
  19  1:29  Cybernetics Core  
  20  1:33  Probe  
  21  1:45  Probe  
  22  1:47  Gateway  
  22  1:59  Probe  
  23  2:03  Stalker (Chrono Boost)  
  23  2:05  Warp Gate  
  25  2:31  Stalker  
  27  2:42  Pylon  
  27  2:50  Stalker  
  29  3:08  Stalker  
  29  3:12  Gateway  
  31  3:18  Pylon  
  31  3:19  Gateway  
  31  3:20  Pylon  
  31  3:45  Gateway  
  31  3:55  Stalker x2  
  35  4:04  Robotics Facility  
  35  4:07  Stalker  
  37  4:19  Stalker x2  
  41  4:34  Stalker  
  43  4:39  Stalker  
  45  4:46  Pylon  
  45  4:52  Warp Prism (Chrono Boost)  
  47  5:05  Stalker x2  
  37  5:53  Stalker x4  
  37  5:56  Immortal  
  39  6:17  Zealot x2  
  39  6:18  Zealot  
  45  6:26  Twilight Council  
  35  6:57  Zealot x2  
  35  6:58  Zealot x2  
  39  7:02  Charge (Chrono Boost)  
  29  7:35  Nexus  
  29  7:50  Probe (Chrono Boost)  
  31  7:59  Probe (Chrono Boost)  
  31  8:00  Pylon  
  31  8:01  Zealot  
  31  8:04  Probe (Chrono Boost)  
  33  8:11  Stalker  
  36  8:16  Observer (Chrono Boost), Probe  
  38  8:28  Probe  
  39  8:40  Probe  
  40  8:49  Zealot x2  
  40  8:52  Zealot  
  40  8:53  Shield Battery  
  47  9:02  Probe  
  47  9:03  Probe  
  48  9:14  Templar Archives, Probe  
  49  9:30  Probe x2  
  50  9:42  Probe x2  
  52  9:50  High Templar x2, Assimilator  
  52  9:51  High Templar x2  
  60  9:54  Assimilator  
  60  10:03  Archon  
  60  10:05  Nexus  
  60  10:08  Pylon  
  60  10:09  Archon  
  60  10:19  Observer (Chrono Boost)  
  61  10:25  Pylon  
  57  10:33  Observer (Chrono Boost)  
  58  10:41  Pylon  
  58  10:42  Pylon  
  58  10:48  Forge  
  58  10:50  Pylon  
  58  10:53  Probe x2  
  60  11:02  Shield Battery  
  60  11:05  Probe x2  
  62  11:16  Zealot x4  
  62  11:17  Probe x2  
  72  11:21  Immortal  
  76  11:27  Robotics Bay  
  76  11:29  Probe x2  
  77  11:43  Zealot x4  
  85  11:48  Probe x2  
  85  11:49  Probe  
  87  12:00  Observer  
  86  12:04  Zealot x4  
  94  12:13  Gateway  
  94  12:16  Gateway  
  94  12:25  Protoss Ground Weapons Level 1 (Chrono Boost)  
  94  12:26  Probe x2 (Chrono Boost)  
  94  12:27  Probe (Chrono Boost)  
  97  12:32  Photon Cannon  
  97  12:38  High Templar x3, Probe x2 (Chrono Boost)  
  97  12:39  Probe (Chrono Boost)  
  97  12:41  High Templar  
  108  12:45  Archon  
  108  12:46  Archon  
  108  12:52  Disruptor (Chrono Boost)  
  111  13:25  High Templar x5  
  111  13:26  High Templar  
  123  13:40  Psionic Storm  
  123  13:48  Pylon  
  123  13:50  Pylon  
  123  13:54  Gravitic Boosters (Chrono Boost)  
  123  13:55  Pylon  
  123  14:00  Pylon  
  123  14:06  Disruptor  
  126  14:12  Zealot x4  
  126  14:14  Archon x2, Nexus  
  126  14:15  Archon, Pylon, Protoss Ground Armor Level 1 (Chrono Boost)  
  134  14:18  Pylon  
  129  14:41  Zealot x6  
  135  14:59  Disruptor  
  136  15:06  Robotics Facility  
  136  15:11  Pylon  
  136  15:14  Pylon  
  136  15:18  Forge  
  136  15:26  Zealot  
  136  15:27  Zealot x5  
  148  15:34  Disruptor  
  151  15:41  Gateway  
  151  15:43  Gateway  
  151  15:45  Gateway  
  151  15:47  Gateway  
  151  15:51  Gateway x2  
  151  15:52  Gateway  
  151  15:53  Gateway  
  151  15:54  Gateway  
  151  15:57  Gateway  
  151  15:59  Gateway  
  151  16:01  Pylon  
  151  16:04  Protoss Ground Weapons Level 2 (Chrono Boost), Pylon, High Templar  
  151  16:05  High Templar x3  
  151  16:07  Pylon  
  151  16:08  Archon  
  151  16:10  Archon  
  158  16:56  Stalker  
  158  16:57  Stalker x2  
  78  17:31  Zealot x5  
  78  17:32  Zealot x7  
  75  17:53  Disruptor x2  
  81  18:00  Stalker  
  83  18:06  Assimilator  
  83  18:08  Assimilator  
  83  18:11  Probe x3  
  86  18:23  Probe x2  
  86  18:26  Disruptor (Chrono Boost)  
  88  18:28  Zealot x7  
  88  18:29  Zealot x5, Disruptor (Chrono Boost)  
  118  18:52  Stalker x7  
  118  18:53  Stalker x4  
  118  18:54  Disruptor, Blink (Chrono Boost)  
  143  18:57  Disruptor  
  146  19:20  Zealot x2  
  146  19:21  Zealot x5  
  160  19:57  Disruptor  
  160  19:58  Disruptor  
  139  20:29  Zealot x7  
  139  20:30  Zealot x4  
  139  20:33  Disruptor x2  
  149  20:48  Zealot  
  133  21:09  Disruptor x2  
  139  21:18  Zealot x6  
  83  21:48  Zealot x3  
  30  23:47  High Templar x7  
  38  23:51  Archon  
  38  23:52  Archon x2  
Show
View Real Time Build Order
Export as new Build Order

MattBarry Terran - Winner!

Build Orders: 2 Factory 

Get SALT Encoding   

  12  0:00  SCV  
  13  0:12  SCV  
  14  0:20  Supply Depot  
  14  0:25  SCV  
  15  0:30  Refinery  
  15  0:42  SCV  
  16  0:46  Barracks  
  16  0:54  SCV  
  17  1:06  SCV  
  19  1:18  SCV  
  19  1:33  Orbital Command  
  19  1:34  Reaper  
  20  1:40  Refinery  
  20  1:48  Supply Depot  
  20  1:59  SCV  
  21  2:03  Command Center  
  21  2:10  Barracks Reactor  
  21  2:11  SCV  
  22  2:20  Factory  
  22  2:24  SCV  
  23  2:34  Supply Depot  
  23  2:36  SCV  
  24  2:48  Marine x2, SCV  
  27  3:02  SCV  
  28  3:16  SCV  
  29  3:24  Factory  
  29  3:29  SCV  
  29  3:32  Barracks Tech Lab  
  29  3:34  Orbital Command  
  30  3:37  Widow Mine x2  
  34  3:43  SCV  
  35  3:49  Engineering Bay  
  35  3:56  SCV  
  35  3:58  Widow Mine x2  
  40  4:08  SCV  
  41  4:14  SCV  
  42  4:19  Refinery  
  42  4:20  Armory, SCV  
  43  4:26  SCV  
  43  4:29  Starport  
  44  4:32  SCV, Siege Tank  
  44  4:33  Hellion  
  44  4:37  Barracks Reactor  
  50  4:40  SCV  
  50  4:44  SCV  
  52  4:46  Supply Depot  
  52  4:48  Supply Depot  
  52  4:56  Hellion  
  54  5:07  SCV x2  
  54  5:08  Hellion  
  46  5:28  Siege Tank  
  37  5:45  Liberator  
  33  5:58  SCV x2  
  35  6:10  SCV  
  36  6:13  Widow Mine x2  
  41  6:18  SCV  
  41  6:23  SCV  
  42  6:30  SCV  
  43  6:35  SCV  
  44  6:42  SCV  
  44  6:46  Widow Mine x2  
  39  6:48  Liberator  
  42  7:02  Marine x2  
  44  7:09  Bunker  
  42  7:18  Hellion x2  
  42  7:20  Marine x2  
  48  7:23  SCV x2  
  50  7:31  Liberator  
  50  7:35  SCV x2  
  55  7:47  SCV x2  
  57  7:55  Factory Tech Lab  
  57  7:57  Marine  
  57  7:58  Marine  
  55  8:01  SCV x2  
  55  8:02  Factory Reactor  
  57  8:13  SCV x2, Refinery  
  57  8:16  Supply Depot x2, Terran Vehicle Weapons Level 1  
  57  8:18  Siege Tank  
  62  8:22  Marine x2  
  64  8:27  SCV x2  
  64  8:32  Command Center  
  66  8:39  SCV x2, Hellion x2  
  72  8:42  Starport Reactor  
  72  8:51  SCV x2  
  72  8:52  Missile Turret  
  72  8:53  Missile Turret  
  74  9:09  Hellion x2, Siege Tank  
  81  9:15  SCV x2  
  83  9:18  Liberator  
  83  9:19  Liberator  
  89  9:29  Supply Depot  
  89  9:30  Supply Depot x2, Hellion x2  
  93  9:38  Missile Turret  
  93  9:40  Missile Turret  
  93  9:41  Siege Tank  
  96  9:53  Hellion x2  
  96  9:57  SCV x2  
  102  10:01  Liberator x2  
  110  10:15  Siege Tank, Hellion  
  110  10:16  Hellion  
  115  10:49  Hellion x2  
  119  10:50  Siege Tank  
  119  10:51  Orbital Command  
  122  11:02  Command Center  
  122  11:03  Liberator x2  
  128  11:17  Factory  
  128  11:18  Factory  
  128  11:23  Terran Vehicle Weapons Level 2, Hellion x3  
  128  11:26  Armory  
  128  11:31  Refinery  
  128  11:34  Refinery  
  128  11:35  Command Center  
  128  11:49  Hellion x2, Siege Tank  
  128  11:53  SCV x2  
  137  12:05  SCV x2  
  139  12:30  Thor, Hellion x2  
  139  12:32  Liberator x2  
  151  12:40  Terran Vehicle And Ship Armor Level 1  
  151  12:55  SCV x3  
  151  12:56  Orbital Command  
  154  12:58  Command Center  
  154  13:03  Factory Tech Lab, Hellion x2  
  154  13:04  Factory Tech Lab  
  158  13:07  SCV  
  159  13:13  Thor  
  159  13:14  Orbital Command, Liberator x2  
  169  13:39  Orbital Command  
  168  14:28  Thor x3  
  184  14:35  Hellion x2  
  184  14:36  Liberator x2  
  194  14:47  Refinery  
  194  14:49  Refinery  
  194  15:04  Hellion x2  
  197  15:25  Terran Vehicle Weapons Level 3, Terran Vehicle And Ship Armor Level 2  
  197  15:33  SCV x3  
  200  15:39  Refinery  
  200  15:41  Refinery  
  139  17:32  Thor x2  
  139  17:33  Thor  
  139  17:35  Liberator x2, Hellion x2  
  153  18:02  Terran Vehicle And Ship Armor Level 3  
  153  18:04  Factory x3  
  153  18:15  Siege Tank  
  153  18:16  Siege Tank x2  
  153  18:18  Liberator x2  
  168  18:22  Hellion x2  
  172  18:48  Factory Tech Lab x3, Siege Tank x3  
  181  19:01  Liberator x2  
  180  19:11  Siege Tank x3  
  180  19:13  Hellion x2  
  187  20:33  Thor  
  175  21:02  Thor x3  
  175  21:03  Thor  
  175  21:04  Liberator  
  195  21:22  Liberator  
  189  21:41  Supply Depot  
  189  21:42  Supply Depot  
  189  21:43  Supply Depot  
  189  21:46  Supply Depot x2, Terran Ship Weapons Level 1  
  189  21:48  Supply Depot x2  
  189  22:05  Thor  
  171  23:12  Thor x3  
  171  23:13  Thor  
  171  23:14  Thor  
  171  23:15  Starport Reactor  
  168  23:56  Liberator x2  
  168  23:58  Siege Tank x4  
  168  23:59  Siege Tank  
Show
View Real Time Build Order
Export as new Build Order

MattBarry Zerg - Winner!

Build Orders: Hatch First 

Get SALT Encoding   

  12  0:00  Drone  
  13  0:12  Overlord  
  13  0:17  Drone  
  14  0:23  Extractor  
  14  0:25  Drone  
  14  0:31  Drone  
  15  0:55  Hatchery  
  14  0:58  Drone  
  14  1:02  Drone  
  16  1:09  Drone  
  17  1:13  Drone  
  18  1:23  Drone  
  19  1:33  Spawning Pool  
  18  1:43  Drone  
  18  1:45  Overlord  
  19  1:52  Evolution Chamber, Drone  
  19  2:03  Drone  
  20  2:20  Queen  
  20  2:21  Zergling x6  
  25  2:24  Zerg Melee Weapons Level 1  
  25  2:26  Zergling x2  
  26  2:33  Baneling Nest  
  25  2:38  Drone x2  
  27  2:47  Queen  
  29  2:53  Zergling x4  
  31  3:13  Zergling x6  
  34  3:23  Queen  
  36  3:30  Overlord x2  
  36  3:48  Queen  
  36  3:49  Spine Crawler  
  36  3:50  Drone x5  
  42  3:58  Extractor  
  42  4:02  Roach Warren  
  40  4:08  Drone x3  
  40  4:09  Drone x2  
  45  4:23  Zerg Missile Weapons Level 1  
  45  4:44  Drone x3  
  45  4:45  Roach x2, Overlord x2  
  52  4:51  Lair  
  52  5:04  Evolution Chamber  
  51  5:07  Overlord  
  51  5:13  Ravager  
  52  5:16  Roach  
  52  5:17  Roach x3  
  57  5:27  Zergling x2  
  57  5:28  Zergling x8  
  50  5:36  Zergling x6  
  50  5:37  Zergling x2  
  53  5:58  Zergling x8  
  53  5:59  Zergling x2  
  40  6:20  Zergling x6  
  43  6:37  Roach x6  
  53  6:51  Roach  
  53  6:52  Roach  
  55  7:00  Zergling x4  
  43  7:11  Zergling x6  
  43  7:12  Zergling x2  
  42  7:24  Roach x2  
  45  7:31  Queen  
  45  7:33  Queen  
  47  7:40  Zergling x2  
  47  7:41  Zergling x10  
  53  7:56  Zerg Ground Armor Level 1  
  53  7:59  Glial Reconstitution  
  53  8:04  Drone  
  53  8:05  Drone x5  
  58  8:09  Queen  
  61  8:21  Metabolic Boost  
  61  8:43  Ravager x2  
  61  8:44  Ravager x3, Hatchery  
  65  8:50  Roach  
  65  8:51  Zergling x2  
  68  8:59  Overlord  
  68  9:00  Overlord x2  
  67  9:29  Drone  
  67  9:30  Drone x8  
  76  9:32  Queen  
  76  9:33  Queen  
  80  9:38  Spore Crawler  
  80  9:40  Spore Crawler  
  80  9:44  Spore Crawler  
  80  9:45  Overseer  
  76  9:49  Spore Crawler  
  75  9:58  Hatchery, Extractor  
  75  9:59  Extractor  
  72  10:01  Drone x3  
  72  10:02  Roach, Overlord x3  
  72  10:03  Roach  
  79  10:08  Spire  
  79  10:13  Zerg Missile Weapons Level 2  
  78  10:16  Overseer  
  73  10:34  Roach  
  73  10:35  Roach x4  
  83  10:44  Queen  
  85  10:50  Drone x5  
  85  10:51  Drone x2  
  85  10:53  Roach  
  85  10:54  Roach x3  
  100  11:18  Zergling x6  
  101  11:19  Zergling x8  
  107  11:37  Zergling x2  
  107  11:38  Zergling x12  
  114  11:48  Queen  
  114  11:52  Extractor  
  114  11:54  Extractor  
  114  12:06  Roach x6, Overlord x4  
  114  12:07  Overlord x2  
  126  12:18  Infestation Pit  
  126  12:21  Nydus Network  
  124  12:37  Drone x3  
  124  12:38  Drone x3, Overlord x2  
  124  12:39  Drone x2  
  132  12:58  Hatchery  
  131  13:22  Mutalisk x3  
  131  13:23  Mutalisk x5, Extractor  
  131  13:24  Mutalisk  
  131  13:25  Extractor  
  147  14:12  Baneling  
  147  14:13  Baneling x8  
  141  14:27  Roach x2  
  141  14:29  Ravager  
  141  14:30  Ravager x4  
  107  15:15  Zergling x2  
  107  15:16  Zergling x48  
  107  15:17  Zergling x32  
  148  15:35  Drone  
  149  15:45  Corruptor  
  149  15:46  Corruptor x7  
  149  15:47  Corruptor x3  
  171  15:57  Overlord  
  171  16:13  Zerg Melee Weapons Level 2  
  171  16:31  Drone x3, Overlord x2  
  171  16:32  Corruptor x4  
  173  17:01  Infestation Pit  
  162  17:13  Overlord x2  
  163  17:15  Zergling x2  
  163  17:16  Zergling x2, Roach x3  
  163  17:17  Roach x6  
  96  18:04  Corruptor x2  
  100  18:11  Hive  
  100  18:13  Drone  
  100  18:14  Drone x9  
  110  18:39  Hatchery  
  109  19:17  Corruptor x2  
  109  19:18  Corruptor  
  115  19:37  Greater Spire  
  113  19:54  Hatchery  
  87  20:34  Zergling x2  
  87  20:35  Zergling x38  
  77  20:51  Brood Lord x3  
  77  20:52  Brood Lord x7  
  66  22:18  Drone  
  67  22:43  Corruptor x3  
  73  23:05  Hatchery  
  73  23:07  Brood Lord  
  73  23:08  Brood Lord x4  
  82  23:15  Overlord  
  82  23:16  Overlord  
  82  23:17  Corruptor  
  84  23:23  Corruptor x2  
  84  23:24  Corruptor x2  
  84  23:26  Corruptor x2  
  96  23:30  Brood Lord x3  
  102  23:41  Drone x11  
  103  23:46  Queen  
  115  23:48  Queen  
Tags
 
Add a new tag
Caveats
  • Supply blocks, unpowered buildings, or Contaminate may cause inaccurate times.
  • Supply counts are checked every 10 seconds.